 Dungeon Crawl Stone Soup version 0.29.1-12-g30fa7ad0bf (webtiles) character file.

Game seed: 12286851191245032412

527 retardedninja the Trooper (level 7, -17/62 HPs)
             Began as a Minotaur Fighter on Jan 12, 2023.
             Was an Initiate of Gozag.
             Demolished by Menkaure (21 damage)
             ... on level 3 of the Dungeon.
             The game lasted 00:04:41 (5909 turns).

retardedninja the Trooper (Minotaur Fighter)        Turns: 5909, Time: 00:04:42

Health: -17/62     AC:  9    Str: 23      XL:     7   Next: 3%
Magic:  6/6        EV: 10    Int:  5      God:    Gozag
Gold:   107        SH:  5    Dex:  7 (9)  Spells: 6/6 levels left

rFire   . . .      SeeInvis .   a - +1 war axe
rCold   + . .      Faith    .   c - +1 buckler
rNeg    . . .      Spirit   .   k - +3 ring mail {rC+}
rPois   .          Reflect  .   (helmet restricted)
rElec   .          Harm     .   (no cloak)
rCorr   .          Rampage  .   (no gloves)
Will    .....                   (no boots)
Stlth   ..........              (no amulet)
HPRegen 0.20/turn               (no ring)
MPRegen 0.10/turn               (no ring)

@: invisible
A: horns 2, retaliatory headbutt
a: Renounce Religion, Potion Petition, Call Merchant, Bribe Branch


You were on level 3 of the Dungeon.
You worshipped Gozag.
Gozag was aware of your devotion.
You visited 2 branches of the dungeon, and saw 7 of its levels.

You collected 210 gold pieces.
You paid 103 gold pieces to Gozag.

Inventory:

Hand Weapons
 a - a +1 war axe (weapon)
Armour
 c - a +1 buckler (worn)
 k - a +3 ring mail of cold resistance (worn)
Wands
 b - a wand of digging (4)
 e - a wand of flame (19)
Scrolls
 d - a scroll of noise {unknown}
 f - a scroll of teleportation {unknown}
 g - 2 scrolls of identify {unknown}


   Skills:
 + Level 5.8 Fighting
 + Level 4.9 Axes
 + Level 5.7 Armour
 + Level 5.7 Shields


You had 6 spell levels left.
You didn't know any spells.
Your spell library contained the following spells:

 Spells                   Type           Power      Damage    Failure   Level
 Necrotise                Necr           0%         1d4       71%         1
 Ignite Poison            Fire/Tmut/Pois 0%         N/A       97%         3
 Mephitic Cloud           Conj/Pois/Air  0%         N/A       97%         3
 Vampiric Draining        Necr           0%         2d6       97%         3
 Agony                    Necr           0%         N/A       100%        5
 Freezing Cloud           Conj/Ice/Air   0%         6-21      100%        5


Dungeon Overview and Level Annotations

Branches:
Dungeon (6/15)             Temple (1/1) D:5

Altars:
Ashenzari
Cheibriados
Dithmenos
Elyvilon
Fedhas
Gozag
Kikubaaqudgha
Nemelex Xobeh
Okawaru
Qazlal
Ru
Sif Muna
Trog
Uskayaw
Vehumet
Wu Jian
Xom
Yredelemnul

Annotations:
D:3 Menkaure
D:4 Eustachio
D:5 1 transporter, javelincjr's ghost, amateur MiBe


Innate Abilities, Weirdness & Mutations

You have a pair of horns on your head.
You reflexively headbutt those who attack you in melee.


Message History

Menkaure is no longer distracted by gold.
Menkaure completely misses you.
You climb upwards.
There is a stone staircase leading down here.
Menkaure hits you!
You hit Menkaure but do no damage.
You headbutt Menkaure, but do no damage.
Menkaure closely misses you. You furiously retaliate!
You headbutt Menkaure.
Menkaure calls on the powers of darkness!
Your body is wracked with pain!
You barely miss Menkaure. Your headbutt misses Menkaure.
Menkaure is moderately damaged.
Menkaure barely misses you.
You hit Menkaure.
Menkaure is moderately damaged.
Menkaure casts a spell at you.
You struggle to resist.
Menkaure completely misses you.
You hit Menkaure.
Menkaure is heavily damaged.
Menkaure calls on the powers of darkness!
Your body is wracked with pain!
* * * LOW HITPOINT WARNING * * *
It was a potion of invisibility.
You fade into invisibility!
Menkaure misses you. You furiously retaliate!
You headbutt Menkaure. You slash Menkaure!
Menkaure is almost destroyed.
Menkaure hits you!
* * * LOW HITPOINT WARNING * * *
Menkaure hits you but does no damage.
You hit Menkaure.
Menkaure is almost destroyed.
Menkaure calls on the powers of darkness!
Your body is wracked with pain!
* * * LOW HITPOINT WARNING * * *
You closely miss Menkaure. You headbutt Menkaure.
Menkaure is almost destroyed.
Menkaure hits you!!
You die...
Your body crumbles into a pile of gold.

##.# ## ##.# ..
#..## .### #...# ...
###.###.# #.....#
#####...### $
#.........#.#
##########>@.....#
#......#...M...###
#.####.........# .
...#......#.##
#.#.##..#...#...
####.#.##.....<#..##
.....#....##..## .#
#####.....###.......
..................


You could see Menkaure (fast).

Vanquished Creatures
  Sigmund (D:2)
  A necrophage (D:5)
  A hound (D:5)
  A gnoll bouda (D:5)
  Natasha (thrice) (D:2)
  Robin (D:2)
  4 gnolls
  5 adders
  An ufetubus (D:5)
  2 worms (D:2)
  A dart slug (D:4)
  3 orcs (D:6)
  3 ball pythons
  2 endoplasms
  3 giant cockroaches
  10 goblins
  6 hobgoblins
  3 quokkas
  3 bats
  3 frilled lizards
  5 kobolds
  3 rats
65 creatures vanquished.

Notes
Turn   | Place    | Note
-------+----------+-------------------------------------------
     0 | D:1      | retardedninja the Minotaur Fighter began the quest for the
                  | Orb.
     0 | D:1      | Reached XP level 1. HP: 19/19 MP: 0/0
   225 | D:1      | Reached XP level 2. HP: 27/27 MP: 1/1
   712 | D:2      | Reached XP level 3. HP: 33/33 MP: 2/2
   715 | D:2      | Found a stormy altar of Qazlal.
   718 | D:2      | Noticed Sigmund
   730 | D:2      | Killed Sigmund
   731 | D:2      | Reached XP level 4. HP: 8/41 MP: 3/3
   731 | D:2      | Reached XP level 5. HP: 9/47 MP: 4/4
  1110 | D:2      | Noticed Robin
  1117 | D:2      | Reached skill level 5 in Fighting
  1146 | D:2      | Killed Robin
  1147 | D:2      | Reached skill level 5 in Armour
  1147 | D:2      | Reached skill level 5 in Shields
  2213 | D:2      | Noticed Natasha
  2219 | D:2      | Killed Natasha
  2240 | D:2      | Noticed Natasha
  2245 | D:2      | Killed Natasha
  2246 | D:2      | Reached XP level 6. HP: 32/56 MP: 5/5
  2531 | D:2      | Noticed Natasha
  2538 | D:2      | Killed Natasha
  2717 | D:3      | You fall into a shaft and drop 3 floors!
  2732 | D:6      | Noticed an orc warrior
  2744 | D:5      | Entered Level 5 of the Dungeon
  3059 | D:5      | Found a transporter.
  3081 | D:5      | Noticed javelincjr's ghost (amateur MiBe)
  3197 | D:5      | Found a staircase to the Ecumenical Temple.
  3234 | Temple   | Entered the Ecumenical Temple
  3437 | Temple   | Became a worshipper of Gozag Ym Sagoz the Greedy
  5635 | D:4      | Found a bloodstained altar of Trog.
  5784 | D:4      | Reached XP level 7. HP: 62/62 MP: 6/6
  5800 | D:4      | Noticed Eustachio
  5801 | D:4      | Noticed Menkaure
  5909 | D:3      | Demolished by Menkaure

Illustrated notes

Levels and vault maps discovered:
D:1:      minmay_arrival_three_doors, layout_basic
D:2:      layout_rooms, basic_altar, uniq_robin, uniq_natasha, uniq_sigmund
D:3:      layout_basic, mainiacjoe_overflow_swirl,
          shapermc_ecumenical_altar_petra, uniq_jessica, uniq_grinder
D:4:      layout_basic, bloody_trog, mainiacjoe_overflow_chevrons,
          amcnicky_mini_pool_small, amcnicky_mini_corridor_feature,
          uniq_menkaure, uniq_eustachio
D:5:      layout_loops_ring, minmay_temple_entry_trees, gammafunk_ghost_hive,
          item_on_display_a
D:6:      layout_cave_pools, serial_gnoll_camp, gnoll_camp_mini_house,
          gnoll_camp_medium_01, gnoll_camp_mini_sergeant,
          gnoll_camp_mini_loothouse, gnoll_camp_medium_02, gnoll_camp_mini_hut
Temple:   minmay_temple_bridge_d

Skill      XL: |  1  2  3  4  5 |
---------------+----------------+-----
Fighting       | 4 5 |  5.8
Shields        | 4 5 |  5.7
Armour         | 4 5 |  5.7
Axes           | 3 4 |  4.9

Action                   |  1- 3 |  4- 6 |  7- 9 || total
-------------------------+-------+-------+-------++-------
Melee: War axe           |    53 |    90 |    11 ||   154
       Headbutt          |    10 |    15 |     4 ||    29
  Use: Potion            |       |     5 |     1 ||     6
       Scroll            |       |     4 |       ||     4
Armor: Scale mail        |    22 |    13 |       ||    35
       Skin              |       |     9 |       ||     9
       Ring mail         |       |    19 |    24 ||    43
Dodge: Dodged            |    33 |    46 |    33 ||   112
Block: Buckler           |    11 |    27 |    12 ||    50
